 Dungeon Crawl Stone Soup version 0.28.0-49-g6dfe1f597d (webtiles) character file.

Game seed: 15318966016118115431

67 nickcage the Cudgeller (level 4, -2/35 HPs)
             Began as a Demonspawn Chaos Knight on May 11, 2022.
             Was a Plaything of Xom.
             Slain by Pargi (5 damage)
             ... in a sewer.
             The game lasted 00:05:03 (3011 turns).

nickcage the Cudgeller (Demonspawn Chaos Knight)    Turns: 3011, Time: 00:05:04

Health: -2/35      AC:  5    Str: 17    XL:     4   Next: 0%
Magic:  4/4        EV: 10    Int: 13    God:    Xom [.....*]
Gold:   212        SH:  0    Dex: 12    Spells: 3/3 levels left

rFire   . . .      SeeInvis .   a - +0 mace (chaos)
rCold   . . .      Faith    .   (no shield)
rNeg    . . .      Spirit   .   j - +0 ring mail
rPois   .          Reflect  .   (no helmet)
rElec   .          Harm     .   (no cloak)
rCorr   .          Rampage  .   (no gloves)
Will    .....                   (no boots)
Stlth   +.........              (no amulet)
HPRegen 0.11/turn               (no ring)
MPRegen 0.18/turn               (no ring)

@: no status effects
A: powered by pain 1, magic regeneration, strong 1, noise suppression
a: Renounce Religion


You were in a sewer.
You worshipped Xom.
You were Xom's teddy bear.
You visited 1 branch of the dungeon, and saw 3 of its levels.
You also visited: Sewer.

You collected 212 gold pieces.

Inventory:

Hand Weapons
 a - a +0 mace of chaos (weapon)
Armour
 b - a +2 leather armour
 j - a +0 ring mail (worn)
Scrolls
 c - a scroll of teleportation {unknown}
 e - 2 scrolls of identify
 i - a scroll of brand weapon {unknown}
Potions
 d - 3 potions of curing {unknown}
 f - a potion of resistance {unknown}
 g - a potion of berserk rage
 h - a potion of brilliance {unknown}
 k - a potion of might {unknown}


   Skills:
 - Level 3.0 Fighting
 + Level 4.2 Maces & Flails
 - Level 2.1 Armour
 - Level 0.8 Dodging


You had 3 spell levels left.
You didn't know any spells.
Your spell library contained the following spells:

 Spells                   Type           Power      Damage    Failure   Level
 Corpse Rot               Necr/Air       0%         N/A       63%         2
 Ensorcelled Hibernation  Hex/Ice        0%         N/A       63%         2
 Passwall                 Tmut/Erth      0%         N/A       63%         2
 Poisonous Vapours        Pois/Air       0%         N/A       63%         2
 Sublimation of Blood     Necr           0%         N/A       63%         2
 Swiftness                Air            0%         N/A       86%         3
 Petrify                  Tmut/Erth      0%         N/A       99%         4
 Irradiate                Conj/Tmut      0%         3d13      100%        5


Dungeon Overview and Level Annotations

Branches:
Dungeon (3/15)              Sewer (1/1)

Altars:
Gozag

Shops:
D:1 =

Annotations:
Sewer Pargi


Innate Abilities, Weirdness & Mutations

You sometimes gain a little power by taking damage.
You regenerate magic rapidly.
Your muscles are strong. (Str +2)
You passively dampen the noise of your surroundings.


Message History

Your magic begins to regenerate rapidly.
There is an open door here.
Things that are here:
a +0 short sword; a kobold corpse
k - a viscous brown potion
There is an open door here.
Things that are here:
a +0 short sword; a kobold corpse You open the door.
You open the door. You open the door.
Pargi the Meek comes into view.
Pargi shouts!
Pargi snarls, "Go!
Away!"
You hit Pargi.
Pargi goes berserk!
Pargi is lightly wounded.
Pargi bites you! Pargi claws you. Pargi closely misses you. Pargi bites you!
Pargi completely misses you. Pargi closely misses you.
You are too injured to fight recklessly!
You are too injured to fight recklessly!
You sock Pargi!
Pargi seems to grow stronger.
Pargi is lightly wounded.
Pargi closely misses you. x2; Pargi claws you but does no damage.
Pargi closely misses you. Pargi claws you.
* * * LOW HITPOINT WARNING * * *
Pargi claws you.
* * * LOW HITPOINT WARNING * * *
Pargi rages.
Pargi barely misses you. Pargi claws you.
* * * LOW HITPOINT WARNING * * *
Pargi claws you.
* * * LOW HITPOINT WARNING * * *
Unknown command.
Pargi bites you but does no damage. Pargi misses you. Pargi barely misses you.
There is an empty arch of ancient stone here.
Pargi bites you but does no damage. Pargi barely misses you.
Pargi claws you but does no damage. Pargi bites you.
You die...
Xom roars with laughter!

### #∩# #.#
+##+##+##@##+##+##+#
.........T.........#######
≈≈≈≈≈≈≈≈≈.≈≈≈≈≈≈≈≈≈#≈≈≈≈≈≈
≈≈≈≈≈≈≈≈≈∩≈≈≈≈≈≈≈≈≈#≈≈≈≈≈≈
≈≈≈≈≈≈≈≈≈.≈≈≈≈≈≈≈≈≈#≈≈≈≈≈≈
...................#
+##+##'##'##)##'##'# #.
#.##.##.##.# #.
#.##.##.##.#


You could see Pargi (berserk, strong).

Vanquished Creatures
  An adder (D:2)
  4 worms
  2 dart slugs
  4 endoplasms
  2 giant cockroaches (D:1)
  5 goblins
  7 hobgoblins
  3 kobolds
  A quokka (D:1)
  4 ball pythons
  A bat (D:1)
  3 frilled lizards
  4 rats
41 creatures vanquished.

Notes
Turn   | Place    | Note
-------+----------+-------------------------------------------
     0 | D:1      | nickcage the Demonspawn Chaos Knight began the quest for
                  | the Orb.
     0 | D:1      | Reached XP level 1. HP: 18/18 MP: 1/1
    56 | D:1      | Found a faded altar of an unknown god.
   118 | D:1      | XOM: butterfly on damage
   306 | D:1      | Gained mutation: You sometimes gain a little power by
                  | taking damage. [demonic ancestry]
   306 | D:1      | Reached XP level 2. HP: 17/24 MP: 2/2
   309 | D:1      | Reached skill level 3 in Maces & Flails
   710 | D:1      | XOM: noise
   935 | D:1      | Found Jobo Qut's Jewellery Shoppe.
  1076 | D:1      | XOM: silly message
  1106 | D:1      | XOM: divination: magic mapping
  1228 | D:2      | Found an opulent altar of Gozag.
  1259 | D:2      | Reached XP level 3. HP: 12/29 MP: 3/3
  1287 | D:2      | XOM: silly message
  1550 | D:2      | XOM: divination: magic mapping
  2029 | D:2      | XOM: give mutations
  2029 | D:2      | Gained mutation: You passively dampen the noise of your
                  | surroundings. [Xom's grace]
  2029 | D:2      | Gained mutation: Your muscles are strong. (Str +2) [Xom's
                  | grace]
  2203 | D:2      | XOM: god gift: 40 gold pieces
  2429 | D:3      | Reached skill level 4 in Maces & Flails
  2605 | D:3      | XOM: 7-stop teleportation journey
  2807 | D:3      | Found a glowing drain.
  2828 | Sewer    | Entered a sewer
  2954 | Sewer    | Gained mutation: You regenerate magic rapidly. [demonic
                  | ancestry]
  2954 | Sewer    | Reached XP level 4. HP: 32/35 MP: 4/4
  3003 | Sewer    | Noticed Pargi
  3011 | Sewer    | Slain by Pargi

Illustrated notes

Levels and vault maps discovered:
D:1:      minmay_arrival_four_loops, layout_loops_corners, serial_shops, shop,
          ebering_ecumenical_altar_ruins
D:2:      layout_loops_corners, basic_altar
D:3:      layout_basic, cheibrodos_sewer_entry_bend
Sewer:    kennysheep_door_sewer

Skill      XL: |  1  2  3 |
---------------+----------+-----
Armour         | 2 |  2.1
Maces & Flails | 3 4 |  4.2
Fighting       | |  3.0
Dodging        | |  0.8

Action                   |  1- 3 |  4- 6 || total
-------------------------+-------+-------++-------
Melee: Mace              |   116 |     2 ||   118
       Punch             |     2 |       ||     2
  Use: Scroll            |     5 |       ||     5
 Stab: Sleeping          |     1 |       ||     1
Armor: Leather armour    |    44 |       ||    44
       Ring mail         |     4 |     4 ||     8
Dodge: Dodged            |    46 |    10 ||    56
